 Dungeon Crawl Stone Soup version 0.29.1-15-g9cfb28693d (webtiles) character file.

Game seed: 3797802907438545325

20780 rabin the Brawler (level 12, -3/115 HPs)
             Began as a Troll Berserker on Apr 4, 2023.
             Was a High Priest of Trog.
             Slain by a skeletal warrior
             ... wielding a +0 battleaxe
              (23 damage)
             ... on level 13 of the Dungeon on Apr 6, 2023.
             The game lasted 00:37:07 (11667 turns).

rabin the Brawler (Troll Berserker)                Turns: 11667, Time: 00:37:08

Health: -3/115     AC:  4    Str: 32    XL:     12   Next: 48%
Magic:  0/11       EV: 20    Int:  3    God:    Trog [*****.]
Gold:   721        SH:  0    Dex:  9    Spells: 11/11 levels left

rFire   . . .      SeeInvis .     - Unarmed
rCold   . . .      Faith    .   (no shield)
rNeg    . . .      Spirit   +   a - +0 animal skin
rPois   .          Reflect  .   (helmet restricted)
rElec   .          Harm     .   (no cloak)
rCorr   .          Rampage  .   (gloves unavailable)
Will    .....                   (boots unavailable)
Stlth   +.........              c - amulet of guardian spirit
HPRegen 1.09/turn               C - +4 ring of evasion
MPRegen 0.12/turn               D - +4 ring of evasion

@: no status effects
A: large, unfitting armour, claws 3, regeneration 1, shaggy fur 1, tough skin 1
a: Renounce Religion, Berserk, Trog's Hand, Brothers in Arms


You were on level 13 of the Dungeon.
You worshipped Trog.
Trog was extremely pleased with you.
You visited 1 branch of the dungeon, and saw 13 of its levels.

You collected 721 gold pieces.

Inventory:

Hand Weapons
 m - a +2 short sword of venom
 u - a +0 dagger
 H - a +0 short sword
 N - the +12 pair of quick blades "Gyre" and "Gimble" {protect}
   (You found it on level 11 of the Dungeon)

   It grants its wielder temporary protection when it strikes (+7 to AC).
Missiles
 k - 91 stones (quivered)
 v - a throwing net
Armour
 a - a +0 animal skin (worn)
 J - a +1 pair of boots
 M - +0 acid dragon scales
Magical Staves
 L - a staff of death
Jewellery
 c - an amulet of guardian spirit (around neck)
 n - a ring of willpower
 o - a ring of positive energy
 B - a +6 ring of intelligence
 C - a +4 ring of evasion (left claw)
 D - a +4 ring of evasion (right claw)
 F - a ring of fire
 G - a ring of willpower
Wands
 r - a wand of polymorph (5)
 y - a wand of mindburst (10)
 E - a wand of flame (6)
Scrolls
 d - 14 scrolls of identify
 h - 2 scrolls of blinking {unknown}
 i - 4 scrolls of teleportation {unknown}
 j - a scroll of torment {unknown}
 p - 4 scrolls of fear
 q - 4 scrolls of fog
 s - a scroll of poison {unknown}
 t - 2 scrolls of immolation {unknown}
 w - 3 scrolls of amnesia {unknown}
 A - a scroll of enchant weapon {unknown}
 I - a scroll of enchant armour {unknown}
 O - a scroll of silence {unknown}
 P - a scroll of magic mapping {unknown}
Potions
 b - a potion of heal wounds
 e - 3 potions of haste
 f - 4 potions of curing
 g - 3 potions of lignification
 l - a potion of brilliance
 x - a potion of degeneration {unknown}
 z - a potion of might
 K - a potion of mutation {unknown}
 Q - 2 potions of cancellation {unknown}


   Skills:
 + Level 6.8 Fighting
 + Level 8.5 Dodging
 - Level 1.1 Stealth
 + Level 16.9 Unarmed Combat


You had 11 spell levels left.
You didn't know any spells.
Your spell library contained the following spells:

 Spells                   Type           Power      Damage    Failure   Level
 Ozocubu's Armour         Ice            0%         N/A       88%         3
 Metabolic Englaciation   Hex/Ice        0%         N/A       100%        5
 Simulacrum               Ice/Necr       0%         N/A       100%        6
 Ozocubu's Refrigeration  Ice            0%         4d7       100%        7


Dungeon Overview and Level Annotations

Branches:
Dungeon (13/15)            Temple (0/1) D:5            Lair (0/5) D:9
    Orc (0/2) D:11
 Vaults: D:13-14

Altars:
Fedhas
Hepliaklqana
Kikubaaqudgha
Uskayaw
Vehumet
Xom
Yredelemnul
The Shining One

Shops:
D:4 (   D:5 **!   D:7 =   D:9 [   D:12 (

Annotations:
D:10 2 transporters, exclusion: ice statue, Smoke131's ghost, journeyman DrFE


Innate Abilities, Weirdness & Mutations

You are too large for most types of armour.
You have claws for hands.
Your natural rate of healing is unusually fast.
You are covered in fur. (AC +1)
You have tough skin. (AC +1)


Message History

The skeletal warrior is almost destroyed.
You closely miss the skeletal warrior.
The skeletal warrior is almost destroyed.
The skeletal warrior hits you with a +0 glaive!!
You mangle the skeletal warrior!!
You destroy the skeletal warrior!
Trog accepts your kill. The skeletal warrior barely misses you.
You closely miss the skeletal warrior. You barely miss the skeletal warrior.
The skeletal warrior hits you with a +0 war axe!
The skeletal warrior hits you with a +0 short sword!
You are too injured to fight recklessly!
You are too injured to fight recklessly!
You are too injured to fight recklessly!
You are too injured to fight recklessly!
The skeletal warrior attacks as you move away!
The skeletal warrior hits you with a +0 short sword!!
* * * LOW HITPOINT WARNING * * *
You scratch the skeletal warrior but do no damage.
Your claw misses the skeletal warrior.
The skeletal warrior completely misses you.
The skeletal warrior misses you.
You mangle the skeletal warrior!!
The skeletal warrior is moderately damaged.
You barely miss the skeletal warrior.
The skeletal warrior is moderately damaged.
The skeletal warrior completely misses you.
You scratch the skeletal warrior.
The skeletal warrior is moderately damaged.
The skeletal warrior hits you with a +0 war axe.
* * * LOW HITPOINT WARNING * * *
The skeletal warrior misses you.
The skeletal warrior closely misses you.
You scratch the skeletal warrior but do no damage.
The skeletal warrior is moderately damaged.
The skeletal warrior hits you with a +0 war axe!
* * * LOW HITPOINT WARNING * * *
The skeletal warrior hits you with a +0 battleaxe!!
You die...

#..# .>.....
#..##......# .......
#..##......# .......
#..##......# .......
#..##......# .......
#..##......# .......
#.)##......#
......)######..##......#
#.z@......##......#
#.zz......##..###.##
#..[..........# #...
#..####.......# #..#
#..# #..###..# #..# #..#
#..# #..# #..# #..# #..#
#..# #..# ...# #..# #..#
#..# ##..# #..# #..#
#..#


You could see 3 skeletal warriors.

Vanquished Creatures
  Rupert (D:12)
  Frances (D:13)
  5 two-headed ogres
  2 boulder beetles
  A tengu warrior (D:13)
  A skeletal warrior (D:13)
  A deep elf pyromancer (D:10)
  A cyclops (D:12)
  An ugly thing (D:12)
  A gargoyle (D:12)
  2 komodo dragons
  A tengu conjurer (D:11)
  A kobold demonologist (D:12)
  A troll (D:10)
  A hornet (D:9)
  6 slime creatures (D:12)
  A vampire (D:10)
  A spriggan (D:11)
  2 wyverns
  17 yaks
  2 steam dragons (D:8)
  7 vampire mosquitoes
  An acid dragon (D:11)
  6 water moccasins
  An orc warrior (D:6)
  A sky beast (D:7)
  An ogre (D:6)
  A black bear (D:4)
  An ice beast (D:8)
  5 centaurs
  3 phantoms (D:11)
  5 kobold brigands
  3 bullfrogs
  2 gnoll sergeants
  2 scorpions
  8 wights
  2 troll zombies (D:11)
  9 killer bees
  10 electric eels (D:12)
  5 howler monkeys
  A gnoll bouda (D:6)
  3 hounds
  2 human zombies (D:6)
  A jelly (D:5)
  4 orc priests
  3 iguanas
  9 orc wizards
  4 ogre zombies (D:11)
  11 gnolls
  10 adders
  2 shadow imps
  2 white imps
  2 worms
  A dart slug (D:3)
  32 orcs
  4 endoplasms
  6 giant cockroaches
  8 goblins
  6 hobgoblins
  4 jackals (D:3)
  29 kobolds
  6 ball pythons
  6 bats
  A frilled lizard (D:2)
  A goblin skeleton (D:11)
  5 goblin zombies (D:11)
  A hobgoblin zombie (D:11)
  3 orc skeletons (D:11)
  9 orc zombies (D:11)
  4 rats
303 creatures vanquished.

Vanquished Creatures (others)
  5 dream sheep (D:7)
  2 fungi (D:1)
  39 plants (D:9)
46 creatures vanquished.

Grand Total: 349 creatures vanquished

Notes
Turn   | Place    | Note
-------+----------+-------------------------------------------
     0 | D:1      | rabin the Troll Berserker began the quest for the Orb.
     0 | D:1      | Reached XP level 1. HP: 22/22 MP: 0/0
   295 | D:1      | Reached XP level 2. HP: 24/29 MP: 1/1
   479 | D:1      | Found a faded altar of an unknown god.
   889 | D:2      | Reached XP level 3. HP: 18/36 MP: 2/2
  1109 | D:2      | Found an ancient bone altar of Kikubaaqudgha.
  1614 | D:3      | Reached XP level 4. HP: 35/44 MP: 3/3
  1638 | D:3      | Reached skill level 4 in Unarmed Combat
  1699 | D:3      | Reached ** piety under Trog
  2012 | D:3      | Reached XP level 5. HP: 53/53 MP: 4/4
  2383 | D:4      | Found Lithreki's Weapon Emporium.
  2768 | D:4      | Reached skill level 5 in Unarmed Combat
  2798 | D:4      | Noticed a black bear
  2802 | D:4      | Killed a black bear
  2803 | D:4      | Reached XP level 6. HP: 43/61 MP: 3/5
  3170 | D:4      | Found a blossoming altar of Fedhas.
  3214 | D:5      | Entered Level 5 of the Dungeon
  3283 | D:5      | Found a hazy altar of Hepliaklqana.
  3305 | D:5      | Noticed a wyvern
  3347 | D:5      | Killed a wyvern
  3348 | D:5      | Reached skill level 1 in Stealth
  3348 | D:5      | Reached skill level 6 in Unarmed Combat
  3386 | D:5      | Found a staircase to the Ecumenical Temple.
  3455 | D:5      | Reached XP level 7. HP: 58/67 MP: 4/6
  3475 | D:5      | Found Tezoon's Distillery.
  3575 | D:5      | Found Remosch's General Store.
  3579 | D:5      | Found Kiosao Ukhly's Specific Store.
  4056 | D:6      | Reached skill level 7 in Unarmed Combat
  4153 | D:6      | Reached *** piety under Trog
  4371 | D:6      | Reached XP level 8. HP: 78/78 MP: 7/7
  4380 | D:6      | Reached skill level 8 in Unarmed Combat
  4581 | D:6      | Found a runed translucent door.
  4599 | D:6      | Found a basalt altar of Yredelemnul.
  4897 | D:6      | Reached skill level 9 in Unarmed Combat
  5291 | D:7      | Reached skill level 5 in Dodging
  5474 | D:7      | Reached XP level 9. HP: 83/84 MP: 8/8
  5529 | D:7      | Found a shimmering altar of Xom.
  5679 | D:7      | Found Fairgh's Jewellery Boutique.
  5912 | D:8      | Reached skill level 10 in Unarmed Combat
  6028 | D:8      | Reached **** piety under Trog
  6574 | D:9      | Reached skill level 11 in Unarmed Combat
  6881 | D:9      | Reached XP level 10. HP: 56/94 MP: 4/9
  6935 | D:9      | Paralysed by a hornet for 3 turns
  6946 | D:9      | Reached skill level 5 in Fighting
  6946 | D:9      | Reached skill level 12 in Unarmed Combat
  7120 | D:9      | Found Xukhog's Antique Armour Boutique.
  7319 | D:9      | Found a staircase to the Lair.
  7373 | D:10     | Entered Level 10 of the Dungeon
  7386 | D:10     | Found a hide-covered altar of Uskayaw.
  7502 | D:10     | Noticed an ice statue
  7525 | D:10     | Found a transporter.
  7558 | D:10     | Noticed a deep elf pyromancer
  7561 | D:10     | Killed a deep elf pyromancer
  7561 | D:10     | Reached ***** piety under Trog
  7725 | D:10     | Reached skill level 13 in Unarmed Combat
  7811 | D:10     | Found a glowing golden altar of the Shining One.
  7811 | D:10     | Noticed a two-headed ogre
  7820 | D:10     | Killed a two-headed ogre
  8110 | D:10     | Noticed a catoblepas
  8112 | D:10     | Noticed Smoke131's ghost (journeyman DrFE)
  8116 | D:10     | Noticed a cyclops
  8120 | D:10     | Found a transporter.
  8181 | D:10     | Found a radiant altar of Vehumet.
  8281 | D:10     | Noticed a two-headed ogre
  8291 | D:10     | Killed a two-headed ogre
  8504 | D:11     | Reached XP level 11. HP: 76/105 MP: 5/10
  8506 | D:11     | Reached skill level 14 in Unarmed Combat
  8619 | D:11     | Found a staircase to the Orcish Mines.
  8811 | D:11     | Noticed a two-headed ogre
  8811 | D:11     | Noticed a two-headed ogre
  8820 | D:11     | Killed a two-headed ogre
  8829 | D:11     | Killed a two-headed ogre
  8860 | D:11     | Found the +12 pair of quick blades "Gyre" and "Gimble"
                  | {protect}
  8920 | D:11     | Reached skill level 15 in Unarmed Combat
  9316 | D:11     | Noticed a boulder beetle
  9326 | D:11     | Killed a boulder beetle
  9741 | D:12     | Noticed Rupert
  9763 | D:12     | Killed Rupert
  9927 | D:12     | Found Acurunn's Weapon Shoppe.
 10318 | D:12     | Noticed a boulder beetle
 10318 | D:12     | Noticed a red ugly thing
 10338 | D:12     | Killed a red ugly thing
 10339 | D:12     | Reached skill level 16 in Unarmed Combat
 10339 | D:12     | Reached XP level 12. HP: 99/115 MP: 6/11
 10343 | D:12     | Killed a boulder beetle
 10430 | D:12     | Noticed a two-headed ogre
 10525 | D:12     | Killed a two-headed ogre
 10874 | D:12     | HP: 4/115 [electric eel/bolt of electricity (11)]
 11544 | D:13     | Noticed a tengu warrior
 11548 | D:13     | Killed a tengu warrior
 11608 | D:13     | Noticed Frances
 11623 | D:13     | Killed Frances
 11667 | D:13     | Slain by a skeletal warrior

Illustrated notes

Levels and vault maps discovered:
D:1:      dpeg_arrival_line_fractal, layout_loops_ring,
          hellmonk_ecumenical_altar_heavens_door, minmay_crystal_room,
          dreamdust_mushroom_princess
D:2:      layout_loops_ring, basic_altar, kennysheep_generic_room_11
D:3:      layout_basic
D:4:      layout_loops_corners, lemuel_crystal_altar, serial_shops,
          nicolae_shop_behind_doors, grunt_ministairs_7
D:5:      layout_cave_pools, old_standard_altar, temple_fountains, serial_shops,
          nicolae_stop_n_shop_2, nicolae_specific_store
D:6:      layout_basic, dk_yredelemnul_ordeal, kennysheep_another_room,
          nicolae_fountain_basement
D:7:      layout_loops_ring, kb_xom_exploding_sheep, serial_shops, shop,
          chequers_decorated_corner
D:8:      layout_basic, kennysheep_generic_room_5
D:9:      layout_basic, david_lair_shrubbed, hangedman_abyss_or_decor_slice,
          nicolae_stop_n_shop_1
D:10:     layout_roguey, tso_altar, nicolae_overflow_hidden_temple,
          nzn_ghost_randoct, dk_noncrumbling_2
D:11:     layout_loops_ring, zombieorc1_lemuel, hangedman_decor_riveting,
          hellmonk_guarded_unrand_gyre_and_gimble
D:12:     layout_basic, serial_shops, shop, uniq_rupert
D:13:     layout_long_grid, small_chamber_with_monster, blue_anna_alchemist,
          uniq_frances, uniq_maurice

Skill      XL: |  1  2  3  4  5  6  7  8  9 10 11 12 |
---------------+-------------------------------------+-----
Dodging        | 3 4 5 6 7 8 |  8.5
Fighting       | 3 4 5 6 |  6.8
Unarmed Combat | 4 5 6 7 9 11 13 16 | 16.9
Stealth        | 1 |  1.1

Action                   |  1- 3 |  4- 6 |  7- 9 | 10-12 || total
-------------------------+-------+-------+-------+-------++-------
Melee: Unarmed           |    80 |   107 |   300 |   396 ||   883
       Punch             |     2 |     6 |    10 |    32 ||    50
Invok: Berserk           |       |       |     3 |     9 ||    12
  Use: Potion            |       |     2 |     1 |     5 ||     8
       Scroll            |       |     3 |       |       ||     3
 Stab: Sleeping          |       |     1 |     3 |       ||     4
       Distracted        |       |       |     1 |       ||     1
Armor: Animal skin       |    26 |    33 |    50 |    56 ||   165
Dodge: Dodged            |    37 |    54 |   142 |   214 ||   447
